 Dungeon Crawl Stone Soup version 0.30.1-9-gdf580d7c3d (webtiles) character file.

Game seed: 2402752450415575190

51 Cheops the Sneak (level 3, -1/28 HPs)
             Began as a Naga Fire Elementalist on Sept 27, 2023.
             Slain by Natasha (9 damage)
             ... on level 1 of the Dungeon.
             The game lasted 00:04:56 (1195 turns).

Cheops the Sneak (Naga Fire Elementalist)           Turns: 1195, Time: 00:04:57

Health: -1/28      AC:  2    Str: 10    XL:     3   Next: 81%
Magic:  1/6        EV:  9    Int: 17    God:
Gold:   66         SH:  0    Dex: 11    Spells: 1/7 levels left

rFire   . . .        f - +0 short sword
rCold   . . .        (no shield)
rNeg    . . .        a - +0 robe
rPois   +            (no helmet)
rElec   .            (no cloak)
rCorr   .            (no gloves)
SInv    +            (no barding)
Will    .....        e - amulet of faith
Stlth   ++           (no ring)
HPRegen 0.24/turn    (no ring)
MPRegen 0.10/turn

%: faith
@: short of breath, very slow
A: AC +1, large, see invisible, deformed body, poison resistance, slowness 2,
spit poison 1, naga tail 1
a: Spit Poison


You were on level 1 of the Dungeon.
You visited 1 branch of the dungeon, and saw 2 of its levels.

You collected 66 gold pieces.

Inventory:

Hand Weapons
 f - a +0 short sword (weapon)
Armour
 a - a +0 robe (worn)
Jewellery
 e - an amulet of faith (around neck)
Scrolls
 d - a scroll of teleportation {unknown}
 g - a scroll of identify {unknown}
 i - a scroll of enchant weapon {unknown}
Potions
 b - a potion of magic
 c - 2 potions of curing {unknown}
 h - a potion of degeneration {unknown}
 j - a potion of heal wounds {unknown}


   Skills:
 - Level 1.5 Dodging
 - Level 3.0 Stealth
 + Level 2.6 Spellcasting
 - Level 3.0 Conjurations
 - Level 3.0 Fire Magic


You had one spell level left.
You knew the following spells:

 Your Spells              Type           Power      Damage    Failure   Level
a - Foxfire               Conj/Fire      48%        2x1d6     5%          1
s - Scorch                Fire           24%        2d6       9%          2
v - Volatile Blastmotes   Fire/Tloc      14%        2d11      30%         3

Your spell library contained the following spells:

 Spells                   Type           Power      Damage    Failure   Level
 Apportation              Tloc           4%         N/A       19%         1
 Necrotise                Necr           8%         1d4       19%         1
 Summon Small Mammal      Summ           8%         N/A       19%         1
 Inner Flame              Hex/Fire       7%         N/A       30%         3
 Flame Wave               Conj/Fire      12%        2d6       47%         4


Dungeon Overview and Level Annotations

Branches:
Dungeon (2/15)

Altars:

Annotations:
D:1 Natasha


Innate Abilities, Weirdness & Mutations

Your serpentine skin is tough. (AC +1)
You have supernaturally acute eyesight. (SInv)
Armour fits poorly on your strangely shaped body.
Your system is resistant to poisons. (rPois)
You cover ground very slowly.
You can spit poison.
You have a snake-like lower body.


Message History

The cerulean imp hits you from afar with a +1 spear.
Casting: Scorch (safe; 9% risk of failure)
Confirm with . or Enter, or press ? or * to list all spells.
You conjure some foxfire!
The cerulean imp hits you from afar with a +1 spear.
The cerulean imp is no longer more vulnerable to fire.
The foxfire hits the cerulean imp but does no damage.
The cerulean imp is almost dead.
The foxfire hits the cerulean imp.
You kill the cerulean imp!
The cerulean imp disappears in a puff of smoke!
Casting: Foxfire (safe; 5% risk of failure)
Confirm with . or Enter, or press ? or * to list all spells.
You conjure some foxfire!
Natasha claws you!
The foxfire hits Natasha.
Natasha is lightly wounded.
The foxfire hits Natasha.
Natasha is moderately wounded.
Natasha claws you.
Casting: Foxfire (safe; 5% risk of failure)
Confirm with . or Enter, or press ? or * to list all spells.
You conjure some foxfire!
Natasha barely misses you.
The foxfire hits Natasha.
Natasha is moderately wounded.
The foxfire hits Natasha.
Natasha is moderately wounded.
Natasha claws you.
* * * LOW HITPOINT WARNING * * *
Natasha stares at you and mumbles some strange words.
The magic dart hits you!
* * * LOW HITPOINT WARNING * * *
You climb upwards.
There is a stone staircase leading down here.
Aiming: Spit Poison (2% risk of failure)
Press: ? - help, Shift-Dir - straight line, f - Natasha
Aim: Natasha (moderately wounded, 50% to hit)
The splash of poison hits Natasha.
Natasha is poisoned.
Natasha is heavily wounded.
Natasha claws you!
You die...

### ### ##.#########.####
########.#†@.........>.##
#.......###h#######.....####
#......## ##(...##.........#
#...###.###.###.#.........##
#...####.#.................#
#....# ##.#####...........##
#.#..## #(# ####.......##
#.....# #.########......##
#.###.###..............##


You could see Natasha (poisoned).

Vanquished Creatures
  Natasha (D:2)
  4 ball pythons (D:1)
  6 endoplasms
  A goblin (D:2)
  4 hobgoblins (D:1)
  3 jackals
  2 frilled lizards (D:1)
  A kobold (D:1)
  A rat (D:1)
23 creatures vanquished.

Vanquished Creatures (others)
  56 foxfires
56 creatures vanquished.

Grand Total: 79 creatures vanquished

Notes
Turn   | Place    | Note
-------+----------+-------------------------------------------
     0 | D:1      | Cheops the Naga Fire Elementalist began the quest for the
                  | Orb.
     0 | D:1      | Reached XP level 1. HP: 15/15 MP: 3/3
     2 | D:1      | Noticed a felid
     4 | D:1      | Noticed a spriggan
     4 | D:1      | Noticed an elf
     6 | D:1      | Noticed a demonspawn zombie
     7 | D:1      | Noticed a minotaur skeleton
     8 | D:1      | Noticed a human
     9 | D:1      | Noticed an ogre
    13 | D:1      | Noticed a vine stalker
    18 | D:1      | Noticed a tengu
    18 | D:1      | Noticed a demonspawn zombie
    20 | D:1      | Noticed a demigod
   223 | D:1      | Reached XP level 2. HP: 17/22 MP: 0/5
   993 | D:2      | Noticed Natasha
  1003 | D:2      | Killed Natasha
  1004 | D:2      | Reached XP level 3. HP: 5/28 MP: 0/6
  1099 | D:1      | Learned a level 2 spell: Scorch
  1108 | D:1      | Learned a level 3 spell: Volatile Blastmotes
  1130 | D:2      | Noticed Natasha
  1195 | D:1      | Slain by Natasha

Illustrated notes

Levels and vault maps discovered:
D:1:      shiori_arrival_whats_in_store_for_you, layout_loops_ring
D:2:      layout_basic, hellmonk_ecumenical_altar_inner_sanctum, uniq_natasha,
          uniq_terence

Skill      XL: |  1  2 |
---------------+-------+-----
Conjurations   | 2 3 |  3.0
Dodging        | |  1.5
Stealth        | |  3.0
Spellcasting   | |  2.6
Fire Magic     | |  3.0

Action                     || total
---------------------------++-------
  Melee: Unarmed           ||    10
         Short sword       ||    22
   Cast: Foxfire           ||    34
         Scorch            ||     1
Ability: Spit Poison       ||     1
 Armour: Robe              ||     8
  Dodge: Dodged            ||    30
